 Dungeon Crawl Stone Soup version 0.30-a0-757-ga6a79fd877 (webtiles) character file.

Game seed: 15908809700418152780

2 cforsyth the Caller (level 1, 0/10 HPs)
             Began as a Tengu Summoner on Feb 9, 2023.
             Slain by a frilled lizard (3 damage)
             ... on level 1 of the Dungeon.
             The game lasted 00:00:16 (21 turns).

cforsyth the Caller (Tengu Summoner)                  Turns: 21, Time: 00:00:16

Health: 0/10       AC:  2    Str:  8    XL:     1   Next: 40%
Magic:  2/4        EV: 12    Int: 15    God:
Gold:   0          SH:  0    Dex: 14    Spells: 3/4 levels left

rFire   . . .      SeeInvis .    (no weapon)
rCold   . . .      Faith    .    (no shield)
rNeg    . . .      Spirit   .    a - +0 robe
rPois   .          Reflect  .    (helmet restricted)
rElec   .          Harm     .    (no cloak)
rCorr   .          Rampage  .    (no gloves)
Will    .....                    (boots unavailable)
Stlth   ++                       (no amulet)
HPRegen 0.21/turn                (no ring)
MPRegen 0.09/turn                (no ring)

@: no status effects
A: beak, talons 3
a: no special abilities


You were on level 1 of the Dungeon.
You visited 1 branch of the dungeon, and saw 1 of its levels.

Inventory:

Armour
 a - a +0 robe (worn)
Potions
 b - a potion of magic


   Skills:
 - Level 2.1 Dodging
 - Level 2.0 Stealth
 + Level 2.1 Spellcasting
 + Level 4.9 Summonings


You had 3 spell levels left.
You knew the following spells:

 Your Spells              Type           Power      Damage    Failure   Level
a - Summon Small Mammal   Summ           64%        N/A       3%          1

Your spell library contained the following spells:

 Spells                   Type           Power      Damage    Failure   Level
 Call Imp                 Summ           16%        N/A       4%          2
 Call Canine Familiar     Summ           16%        N/A       9%          3
 Summon Guardian Golem    Hex/Summ       8%         N/A       24%         3
 Summon Lightning Spire   Summ/Air       8%         N/A       63%         4


Dungeon Overview and Level Annotations

Branches:
Dungeon (1/15)

Altars:


Innate Abilities, Weirdness & Mutations

You have a beak for a mouth.
You have claws for feet.


Message History

A frilled lizard comes into view.
The frilled lizard bites you.
You barely miss the frilled lizard. Your kick misses the frilled lizard.
The frilled lizard is heavily wounded.
The bat closely misses your bat.
The frilled lizard barely misses your quokka.
Your bat hits the kobold but does no damage.
The kobold barely misses your bat.
The frilled lizard closely misses your bat.
You closely miss the kobold. Your bat hits the kobold.
The bat closely misses your bat.
Your bat closely misses the kobold.
The bat misses your bat.
Your quokka closely misses the kobold.
The bat barely misses your bat. The frilled lizard bites your quokka.
The kobold hits you with a +0 dagger.
You closely miss the kobold.
The kobold is moderately wounded.
Your bat closely misses the frilled lizard.
Your quokka misses the frilled lizard. The frilled lizard bites you.
The kobold barely misses you. The frilled lizard bites you.
* * * LOW HITPOINT WARNING * * *
You are too injured to fight recklessly!
You are too injured to fight recklessly!
You are too injured to fight recklessly!
You are too injured to fight recklessly!
The kobold attacks as you move away! The kobold hits you with a +0 dagger.
* * * LOW HITPOINT WARNING * * *
Your quokka closely misses the frilled lizard. x2
The kobold hits your quokka with a +0 dagger.
The bat attacks as you move away! The bat barely misses you.
The bat hits you but does no damage.
Your quokka closely misses the kobold.
You see here a hobgoblin corpse.
You are too injured to fight recklessly!
Your quokka bites the kobold.
You see here a ring of protection from cold.
Casting: Summon Small Mammal (safe; 3% risk of failure)
Confirm with . or Enter, or press ? or * to list all spells.
The bat barely misses you.
The frilled lizard hisses.
The frilled lizard bites you.
You die...

.....$.....# ..#.)l....#
...#.. ..#...#..#.# .#..
..#..#..#.....####.
..#..#.#.#..#..)........
...#.#.#.#.#...#ll.#####
..#.#.#.#..##.r......# .
#.#...#.##.lK.?.###.#
....#.....#rb@.)...#
#...<...######.##
....#.....#.......# .
#.#...#.##.....#
..#.#.#.#.. #...#
...#.#.#.#.#... ...
..#..#. . ..#... .#.. ..
. ..#.. ...#.. .. ...#.


You could see a bat, a kobold (ally target), 3 frilled lizards and 2 friendly
quokkas.

Vanquished Creatures (collateral kills)
  A hobgoblin (D:1)
  A ball python (D:1)
  A kobold (D:1)
3 creatures vanquished.

Notes
Turn   | Place    | Note
-------+----------+-------------------------------------------
     0 | D:1      | cforsyth the Tengu Summoner began the quest for the Orb.
     0 | D:1      | Reached XP level 1. HP: 10/10 MP: 4/4
    21 | D:1      | Slain by a frilled lizard

Illustrated notes

Levels and vault maps discovered:
D:1:      minmay_arrival_radiant_lines, layout_loops_cross

Action                     || total
---------------------------++-------
  Melee: Unarmed           ||     6
         Kick              ||     2
   Cast: Summon Small Mamm ||     3
 Armour: Robe              ||     4
  Dodge: Dodged            ||     6

Table legend: (Time is in decaauts)
 A = Elapsed time spent in this place.
 B = Non-inter-level travel time spent in this place.
 C = Inter-level travel time spent in this place.
 D = Time resting spent in this place.
 E = Time spent auto-exploring this place.
 F = Levels seen in this place.
 G = Mean time per level.
                   A        B        C        D        E       F      G
               +--------+--------+--------+--------+--------+-----+--------+
         Total |     21 |     21 |      0 |      0 |      2 |   1 |   21.0 |
       Dungeon |     21 |     21 |      0 |      0 |      2 |   1 |   21.0 |
               +--------+--------+--------+--------+--------+-----+--------+

Top non-repeatable levels by time:
     D:1: 21 daAuts
